 Dungeon Crawl Stone Soup version 0.24.0-35-gdb84b6a5db (webtiles) character file.

Game seed: 6645470648660689549, levelgen mode: deterministic

116 Nattfarinn the Changer (level 5, -1/33 HPs)
             Began as an Octopode Transmuter on Nov 18, 2019.
             Slain by a goblin
             ... wielding a +0 club
             ... led by Robin
              (9 damage)
             ... on level 2 of the Dungeon.
             The game lasted 00:03:05 (1626 turns).

Nattfarinn the Changer (Octopode Transmuter)        Turns: 1626, Time: 00:03:06

Health: -1/33      AC:  1    Str: 10    XL:     5   Next: 1%
Magic:  2/8        EV: 13    Int: 15    God:
Gold:   85         SH:  0    Dex: 13    Spells: 4/8 levels left

rFire    . . .     SeeInvis .     - Unarmed
rCold    . . .     Gourm    .   (no shield)
rNeg     . . .     Faith    .   (helmet restricted)
rPois    .         Spirit   .   (no amulet)
rElec    .         Reflect  .   (no ring)
rCorr    .         Harm     .   (no ring)
MR       .....                  (no ring)
Stlth    ++........             (no ring)
HPRegen  0.11/turn              (no ring)
MPRegen  0.11/turn              (no ring)
                                (no ring)
                                (no ring)

@: very slightly contaminated
A: almost no armour, stealthy swim, amphibious, 8 rings, constrict 8, camouflage
1, gelatinous body 1
a: no special abilities


You were on level 2 of the Dungeon.
You were hungry.

You visited 1 branch of the dungeon, and saw 2 of its levels.

You collected 85 gold pieces.

Inventory:

Missiles
 a - 51 arrows
 b - 4 javelins (quivered)
Wands
 l - a wand of paralysis (8)
Scrolls
 f - a scroll of random uselessness
Potions
 d - a potion of flight {unknown}
 h - a potion of heal wounds {unknown}
 i - a potion of haste {unknown}
 j - a potion of degeneration {unknown}
 k - a potion of ambrosia {unknown}
Comestibles
 c - 6 rations


   Skills:
 - Level 1.0 Fighting
 - Level 2.0 Dodging
 + Level 3.9 Unarmed Combat
 - Level 2.0 Spellcasting
 * Level 4.3 Transmutations


You had 4 spell levels left.
You knew the following spells:

 Your Spells              Type           Power        Failure   Level  Hunger
a - Beastly Appendage     Tmut           ##....       3%          1    #......
b - Spider Form           Tmut/Pois      #.........   28%         3    ###....

Your spell library contained the following spells:

 Spells                   Type           Power        Failure   Level  Hunger
 Sticks to Snakes         Tmut           ##......     6%          2    ###....
 Ice Form                 Ice/Tmut       #.......     67%         4    #####..
 Blade Hands              Tmut           ##........   71%         5    ######.


Dungeon Overview and Level Annotations

Branches:
Dungeon (2/15)

Altars:
Trog


Innate Abilities, Weirdness & Mutations

You cannot wear most types of armour.
You are very stealthy in the water. (Stealth+)
You are amphibious.
You can wear up to eight rings at the same time.
You can use your tentacles to constrict eight enemies at once.
Your skin changes colour to match your surroundings (Stealth+).
Your rubbery body absorbs attacks. (AC +1, EV +1)


Message History

The goblin unwields a +0 hunting sling.
The goblin wields a +0 club.
The goblin hits you with a +0 club!
* * * LOW HITPOINT WARNING * * *
As you read the scroll labeled ZUSAURAN WALEXT, it crumbles to dust.
The creatures around you are filled with an inner flame!
It was a scroll of immolation.
Jessica explodes!
The fiery explosion engulfs Robin!!!
Robin explodes!
The fiery explosion engulfs the goblin!!
The goblin explodes!
You feel a bit more experienced. x2
The fiery explosion engulfs the goblin!!!
The goblin explodes!
You feel a bit more experienced.
Your Transmutations skill increases to level 4!
You have reached level 5!
You feel agile. The goblin barely misses you.
The goblin hits you with a +0 club!
You die...

..g...##..........
...g...#..........
.g.§§§.##........#
(r§).##........###
.§§#...........#####
#§#...........)..)##
#)§.......>..####...
#.#......÷...# ####
#..@.........# ##
##g.g...÷...## ##.
#.........## #..
##.......#########.#
#...................
#..........#####....
#.........## #....
#.........# ###.#
#(.#.....#.# #.#


You could see 3 goblins.

Vanquished Creatures
  Jessica (D:2)
  Robin (D:2)
  3 adders (D:2)
  A worm (D:2)
  A dart slug (D:1)
  2 leopard geckos
  3 giant cockroaches
  11 goblins
  4 hobgoblins
  4 kobolds (D:1)
  A quokka (D:2)
  6 bats
  3 frilled lizards
  4 rats
45 creatures vanquished.

Notes
Turn   | Place    | Note
-------+----------+-------------------------------------------
     0 | D:1      | Nattfarinn the Octopode Transmuter began the quest for the
                  | Orb.
     0 | D:1      | Reached XP level 1. HP: 13/13 MP: 3/3
   106 | D:1      | Reached XP level 2. HP: 4/18 MP: 5/5
   545 | D:1      | Reached skill level 3 in Transmutations
   837 | D:2      | Reached XP level 3. HP: 23/23 MP: 6/6
  1052 | D:2      | Learned a level 3 spell: Spider Form
  1258 | D:2      | Reached XP level 4. HP: 11/28 MP: 4/7
  1578 | D:2      | Found a bloodstained altar of Trog.
  1609 | D:2      | Noticed Jessica
  1620 | D:2      | Noticed Robin
  1626 | D:2      | Killed Jessica
  1626 | D:2      | Killed Robin
  1626 | D:2      | Reached skill level 4 in Transmutations
  1626 | D:2      | Reached XP level 5. HP: 8/33 MP: 2/8
  1626 | D:2      | Slain by a goblin

Levels and vault maps discovered:
D:1:      minmay_arrival_arboretum_small, layout_rooms, serial_forest,
          infiniplex_forest_zigzag_1, infiniplex_forest_straight_2,
          infiniplex_forest_clump_tiny, infiniplex_forest_clump_tiny,
          infiniplex_forest_straight_3, infiniplex_forest_end_2
D:2:      layout_rooms, overflow_temple_1_default, first_ration, uniq_robin,
          uniq_jessica

Skill      XL: |  1  2  3  4 |
---------------+-------------+-----
Transmutations | 3 4 |  4.3
Fighting       | |  1.0
Dodging        | |  2.0
Unarmed Combat | |  3.9
Spellcasting   | |  2.0

Action                   |  1- 3 |  4- 6 || total
-------------------------+-------+-------++-------
Melee: Unarmed           |    75 |    13 ||    88
       Constrict         |    18 |       ||    18
       Tentacles         |    13 |       ||    13
       Punch             |     1 |       ||     1
Throw: Javelin           |     2 |       ||     2
 Cast: Beastly Appendage |     1 |       ||     1
       Spider Form       |     1 |     1 ||     2
  Use: Potion            |     1 |       ||     1
       Scroll            |       |     2 ||     2
 Stab: Sleeping          |     3 |       ||     3
  Eat: Chunk             |     1 |     1 ||     2
Armor: Skin              |     4 |     3 ||     7
Dodge: Dodged            |    62 |    15 ||    77
